 Dungeon Crawl Stone Soup version 0.15.2 (webtiles) character file.

6298 ztt the Reanimator (level 10, -7/69 HPs)
             Began as a Vampire Necromancer on Nov 7, 2014.
             Was a Believer of Kikubaaqudgha.
             Mangled by a gnoll sergeant
             ... wielding a +0 spear
              (12 damage)
             ... on Level 9 of the Dungeon.
             The game lasted 00:33:15 (14409 turns).

ztt the Reanimator (Vampire Necromancer)           Turns: 14409, Time: 00:33:15

HP  -7/69        AC  5     Str  8      XL: 10   Next: 63%
MP  11/27        EV 15     Int 19      God: Kikubaaqudgha [**....]
Gold 617         SH  0     Dex 14      Spells:  5 memorised, 14 levels left

rFire  . . .     SeeInvis +     w - +1 short sword
rCold  + + +     Clarity  .     t - +2 robe {rC+}
rNeg   + + .     rCorr    .     (no shield)
rPois  +         rRot     +     (no helmet)
rElec  .         Spirit   .     h - +0 cloak
SustAb .         Warding  .     (no gloves)
rMut   .         Stasis   .     (no boots)
Gourm  .                        (no amulet)
MR     +....                    y - ring of protection from cold
                                k - +6 ring of slaying

@: regenerating slowly, somewhat resistant to hostile enchantments, stealthy
A: bottle blood, fangs 3, see invisible, unbreathing
a: Bat Form, Bottle Blood, Receive Corpses, Renounce Religion


You were on level 9 of the Dungeon.
You worshipped Kikubaaqudgha.
Kikubaaqudgha was pleased with you.
You were thirsty.

You visited 1 branch of the dungeon, and saw 10 of its levels.

You collected 617 gold pieces.

Inventory:

Hand weapons
 w - a +1 short sword (weapon)
Armour
 h - a +0 cloak (worn)
 t - a +2 robe of cold resistance (worn)
Scrolls
 a - 4 scrolls of magic mapping
 c - 6 scrolls of remove curse
 f - a scroll of fog
 g - 4 scrolls of recharging
 j - 3 scrolls of enchant weapon
 l - 5 scrolls of teleportation
Jewellery
 k - a +6 ring of slaying (left hand)
 m - an uncursed ring of ice
 y - a ring of protection from cold (right hand)
Potions
 d - 3 potions of heal wounds
 e - 6 potions of curing {unknown}
 n - 3 potions of cure mutation {unknown}
 o - 2 potions of agility {unknown}
 p - a potion of mutation
 q - 5 potions of brilliance {unknown}
 r - 5 potions of poison {unknown}
 s - 3 potions of flight
 v - a potion of berserk rage
Books
 b - a book of Necromancy

   Spells                             Type                      Level
   *Pain                              Necromancy                   1
   *Animate Skeleton                  Necromancy                   1
   *Vampiric Draining                 Necromancy                   3
   Regeneration                       Charms/Necromancy            3
   *Animate Dead                      Necromancy                   4
   *Control Undead                    Necromancy                   4
 x - Kikubaaqudgha's Almanac of Stolen Souls
   (Kikubaaqudgha gifted it to you on level 5 of the Dungeon)

   Spells                             Type                      Level
   *Pain                              Necromancy                   1
   Corpse Rot                         Necromancy                   2
   Sublimation of Blood               Necromancy                   2
   Regeneration                       Charms/Necromancy            3
   *Control Undead                    Necromancy                   4


   Skills:
 + Level 2.9 Fighting
 + Level 4.4 Short Blades
 + Level 6.1 Dodging
 + Level 7.8 Stealth
 + Level 9.1 Spellcasting
 + Level 11.2 Necromancy


You had 14 spell levels left.
You knew the following spells:

 Your Spells              Type           Power        Failure   Level  Hunger
a - Pain                  Necr           ####         1%          1    None
b - Animate Skeleton      Necr           N/A          1%          1    None
c - Vampiric Draining     Necr           ######....   1%          3    None
d - Animate Dead          Necr           N/A          1%          4    ###....
e - Control Undead        Necr           ######....   1%          4    ###....


Dungeon Overview and Level Annotations

Branches:
Dungeon (10/15)            Temple (0/1) D:6            Lair (0/8) D:9
    Orc: D:9-12

Altars:
Elyvilon
Fedhas
Kikubaaqudgha
Vehumet

Annotations:
D:5 exclusion: statue
D:8 exclusion: 2 oklob saplings


Innate Abilities, Weirdness & Mutations

You heal slowly.
You can bottle blood from corpses.
You have razor-sharp teeth.
You have supernaturally acute eyesight.
You can survive without breathing.


Message History

* * * LOW HITPOINT WARNING * * *
Casting: Vampiric Draining
Confirm with . or Enter, or press ? or * to list all spells.
Aiming: Vampiric Draining
Press: ? - help, Shift-Dir - straight line, f/p - gnoll sergeant
Aim: a gnoll sergeant, wielding a spear and wearing a runed scale mail (severely wounded) Nothing appears to happen.
The gnoll sergeant hits you with a spear.
* * * LOW HITPOINT WARNING * * *
Casting: Vampiric Draining
Confirm with . or Enter, or press ? or * to list all spells.
Aiming: Pain
Press: ? - help, Shift-Dir - straight line, f/p - gnoll sergeant
Aim: a gnoll sergeant, wielding a spear and wearing a runed scale mail (severely wounded)
The gnoll sergeant is unaffected.
The gnoll sergeant hits you with a spear!
* * * LOW HITPOINT WARNING * * *
The gnoll sergeant hits you from afar with a spear!
You die...
Kikubaaqudgha rasps: "You have failed me!
Welcome... oblivion!"

#....)..... #.....##.##
#........## #........##
####################).......#.
#((())........................
#(####............######......
####.# #..(.......#.# ####..#
.....# ##.#....(@....####### #..%
...#.###....(.)............# #.##
...####.......g.#..#.......# #.##
...........................# #...
......#..#.............#.#.###.##
....#.#.........#..#.......##....
....#....#.#....(..#..##.#.##.[#.
....#.#.##.#............(...#..#.
...................#......<)...#.


You could see a gnoll sergeant.

Vanquished Creatures
  A hill giant (D:10)
  Pikel (D:5)
  A komodo dragon (D:10)
  2 wandering mushrooms (D:8)
  2 wyverns
  A hippogriff (D:9)
  2 hungry ghosts
  2 black bears
  5 orc warriors
  2 necrophages
  3 centaurs
  3 ice beasts
  2 sky beasts
  4 ogres
  Sigmund (D:2)
  2 big kobolds (D:9)
  Blork the orc (D:5)
  A scorpion (D:6)
  A hippogriff zombie (D:9)
  A yak skeleton (D:8)
  4 wights
  7 crimson imps
  3 quasits
  3 goliath beetles
  4 orc priests
  5 hounds
  A jelly (D:7)
  10 worker ants
  2 orc wizards
  A hound zombie (D:6)
  A crocodile skeleton (D:9)
  2 mummies
  A worker ant zombie (D:7)
  7 gnolls
  5 shadow imps
  8 adders
  2 giant mites
  2 adder zombies
  7 giant geckos
  3 oozes
  17 orcs
  5 giant cockroaches
  11 hobgoblins
  18 jackals
  5 quokkas
  A ball python (D:2)
  18 bats
  3 giant newts
  A giant spore (D:7)
  13 goblins
  A goblin skeleton (D:5)
  25 kobolds
  A kobold skeleton (D:4)
  2 kobold zombies
  3 orc skeletons
  A quokka skeleton (D:8)
  A quokka zombie (D:5)
  11 rats
  A rat skeleton (D:6)
  4 ballistomycetes (D:7)
258 creatures vanquished.

Vanquished Creatures (collateral kills)
  A hill giant zombie (D:8)
  A scorpion (D:8)
  2 wights (D:7)
  A hound (D:8)
  3 gnolls (D:9)
  A gnoll skeleton (D:8)
  2 orcs (D:9)
  A ball python (D:7)
12 creatures vanquished.

Vanquished Creatures (others)
  A wyvern zombie (D:8)
  2 centaur zombies
  An orc wizard (D:5)
  A statue (D:5)
  A big kobold zombie (D:9)
  A necrophage skeleton (D:9)
  A hound zombie (D:9)
  A scorpion zombie (D:8)
  An orc skeleton (D:9)
  2 orcs (D:5)
  A bat zombie (D:8)
  A hobgoblin (D:5)
  A quokka (D:5)
  2 bats (D:5)
  5 kobold zombies (D:9)
  3 orc zombies (D:9)
  A quokka zombie (D:9)
26 creatures vanquished.

Grand Total: 296 creatures vanquished

Notes
Turn   | Place    | Note
--------------------------------------------------------------
     0 | D:1      | ztt, the Vampire Necromancer, began the quest for the Orb.
     0 | D:1      | Reached XP level 1. HP: 13/13 MP: 3/3
   440 | D:1      | Reached XP level 2. HP: 17/19 MP: 0/4
   992 | D:1      | Learned a level 1 spell: Animate Skeleton
  1271 | D:1      | Reached XP level 3. HP: 17/24 MP: 4/6
  1582 | D:2      | Reached skill level 5 in Necromancy
  1718 | D:2      | Learned a level 3 spell: Vampiric Draining
  2109 | D:2      | Noticed Sigmund
  2334 | D:2      | Killed Sigmund
  2334 | D:2      | Reached XP level 4. HP: 22/30 MP: 0/10
  2524 | D:2      | Found a white marble altar of Elyvilon.
  2640 | D:2      | Reached XP level 5. HP: 32/35 MP: 7/11
  3571 | D:3      | Found an ancient bone altar of Kikubaaqudgha.
  3653 | D:3      | Became a worshipper of Kikubaaqudgha
  3791 | D:4      | Learned a level 4 spell: Animate Dead
  4200 | D:4      | Found a sand-covered staircase.
  4279 | D:4      | Noticed an ogre
  4289 | D:4      | Killed an ogre
  4289 | D:4      | Reached skill level 6 in Necromancy
  4289 | D:4      | Reached XP level 6. HP: 32/42 MP: 0/15
  4908 | D:5      | Entered Level 5 of the Dungeon
  4956 | D:5      | Found a radiant altar of Vehumet.
  5331 | D:5      | Noticed Blork the orc
  5341 | D:5      | Killed Blork the orc
  5476 | D:5      | Reached skill level 5 in Spellcasting
  5512 | D:5      | Reached skill level 7 in Necromancy
  5512 | D:5      | Reached XP level 7. HP: 44/47 MP: 18/18
  5560 | D:5      | Acquired Kikubaaqudgha's first power
  5560 | D:5      | Received a gift from Kikubaaqudgha
  5565 | D:5      | Identified Kikubaaqudgha's Almanac of Stolen Souls (Kikubaaqudgha gifted it to you on level 5 of the Dungeon)
  5626 | D:5      | Noticed Pikel
  5649 | D:5      | Killed Pikel
  5649 | D:5      | Reached skill level 1 in Fighting
  5649 | D:5      | Reached skill level 1 in Short Blades
  5649 | D:5      | Reached XP level 8. HP: 45/54 MP: 0/20
  5882 | D:5      | Reached skill level 8 in Necromancy
  5903 | D:5      | Reached skill level 5 in Stealth
  7449 | D:6      | Learned a level 4 spell: Control Undead
  7516 | D:6      | Found a staircase to the Ecumenical Temple.
  8381 | D:7      | Reached skill level 9 in Necromancy
  8955 | D:7      | Reached XP level 9. HP: 15/61 MP: 11/24
 10659 | D:8      | Reached skill level 10 in Necromancy
 11268 | D:8      | Reached skill level 5 in Dodging
 11314 | D:8      | Found a blossoming altar of Fedhas.
 11846 | D:9      | Reached XP level 10. HP: 36/68 MP: 18/26
 11937 | D:9      | Acquired Kikubaaqudgha's second power
 12756 | D:9      | Found a staircase to the Lair.
 13699 | D:10     | Entered Level 10 of the Dungeon
 13790 | D:10     | Noticed a hill giant
 13811 | D:10     | Killed a hill giant
 13942 | D:10     | Reached skill level 11 in Necromancy
 14090 | D:10     | Noticed an unseen horror
 14409 | D:9      | Mangled by a gnoll sergeant

Action                   |  1- 3 |  4- 6 |  7- 9 | 10-12 || total
-------------------------+-------+-------+-------+-------++-------
Melee: Short sword       |    17 |    60 |   242 |   128 ||   447
       Unarmed           |     1 |       |       |       ||     1
 Cast: Pain              |    77 |    82 |   123 |    53 ||   335
       Vampiric Draining |     1 |    15 |    24 |    25 ||    65
       Animate Dead      |       |     1 |     5 |     8 ||    14
       Control Undead    |       |       |    10 |     1 ||    11
Invok: Receive Corpses   |       |       |       |     1 ||     1
  Use: Scroll            |       |     5 |    11 |     3 ||    19
 Stab: Sleeping          |     1 |     1 |    13 |     9 ||    24
       Distracted        |       |     1 |     1 |       ||     2
  Eat: Corpse            |     3 |     6 |    10 |     6 ||    25
